 Dungeon Crawl Stone Soup version 0.31-a0-983-g7b6862f502 (webtiles) character file.

Game seed: 11253046102156158044

592 lunkers the Ruffian (level 6, -4/46 HPs)
             Began as a Demigod Shapeshifter on Nov 2, 2023.
             Slain by an ogre
             ... wielding a +0 giant club
              (12 damage)
             ... on level 4 of the Dungeon.
             The game lasted 00:03:18 (2151 turns).

lunkers the Ruffian (Demigod Shapeshifter)          Turns: 2151, Time: 00:03:19

Health: -4/46      AC: 10    Str: 19    XL:     6   Next: 93%
Magic:  8/8        EV:  6    Int: 12    God:
Gold:   175        SH:  0    Dex: 17    Spells: 5/5 levels left

rFire   . .          .
                       - Unarmed
rCold   . . .        l - orb {light}
rNeg    . . .        e - +0 plate armour
rPois   .            (helmet currently unavailable)
rElec   .            (cloak currently unavailable)
rCorr   .            (gloves currently unavailable)
SInv    .            (boots currently unavailable)
Will    .....        p - amulet of the acrobat Stlth
                     (no ring)
HPRegen 0.27/turn    (no ring)
MPRegen 0.11/turn

%: acrobat
@: beast-form, glowing
A: beast (slay +2), high MP 1, forlorn, divine attributes
a: Begin Untransformation


You were on level 4 of the Dungeon.
You were a hulking beast.
You visited 1 branch of the dungeon, and saw 6 of its levels.

You collected 175 gold pieces.

Inventory:

Armour
 a - a +0 animal skin
 e - a +0 plate armour (worn)
 l - an orb of light (worn)
 q - a +0 cloak
Jewellery
 p - an amulet of the acrobat (around neck)
 w - a +6 ring of intelligence
Talismans
 c - a beast talisman
 d - a flux talisman
Wands
 y - a wand of light (8)
Scrolls
 f - 6 scrolls of identify {unknown}
 i - 4 scrolls of enchant armour {unknown}
 k - 2 scrolls of noise {unknown}
 n - a scroll of poison {unknown}
 o - a scroll of teleportation {unknown}
 s - a scroll of silence {unknown}
 t - 2 scrolls of immolation {unknown}
 x - a scroll of butterflies {unknown}
Potions
 b - a potion of brilliance {unknown}
 g - 2 potions of heal wounds {unknown}
 h - 2 potions of degeneration {unknown}
 j - 4 potions of enlightenment {unknown}
 m - 2 potions of curing {unknown}
 r - a potion of berserk rage {unknown}
 u - a potion of attraction {unknown}
 v - a potion of cancellation {unknown}


   Skills:
 - Level 0.8 Fighting
 - Level 1.7 Dodging
 * Level 6.3 Unarmed Combat
 + Level 4.6 Shapeshifting


You had 5 spell levels left.
You didn't know any spells.
Your spell library contained the following spells:

 Spells                   Type           Power      Damage    Failure   Level
 Hailstorm                Conj/Ice       0%         3d3       100%        3
 Summon Ice Beast         Ice/Summ       0%         N/A       100%        4
 Simulacrum               Ice/Necr       0%         N/A       100%        6


Dungeon Overview and Level Annotations

Branches:
Dungeon (6/15)
 Temple: D:4-7

Shops:
D:4 *


Innate Abilities, Weirdness & Mutations

You are a hulking beast.
Your limbs bulge with bestial killing power. (Slay +2)
You have an increased reservoir of magic. (+10% MP)
You shall have no god before yourself.
Your divine heritage dramatically boosts your attributes as you level up.


Message History

No target in view!
There is a stone staircase leading up here.
There is a stone staircase leading up here.
You climb upwards.
Found 11 gold pieces and a gold wand.
There is a stone staircase leading down here.
You now have 175 gold pieces (gained 11).
An ogre comes into view. It is wielding a +0 giant club.
Found a stone staircase leading down.
The ogre shouts!
An endoplasm comes into view.
You see here a wand of iceblast (6).
The endoplasm quivers.
A giant cockroach comes into view.
The giant cockroach moves out of view.
There are monsters nearby!
A goblin comes into view. It is wielding a +0 dagger.
The goblin shouts!
You hear an angry hiss.
The ogre hits you with a +0 giant club.
You punch the ogre!
The ogre is moderately wounded.
There are monsters nearby!
You barely miss the ogre.
The ogre is moderately wounded.
The ogre hits you with a +0 giant club!!
Ouch! That really hurt!
* * * LOW HITPOINT WARNING * * *
You barely miss the ogre.
The ogre is moderately wounded.
Unknown command.
You hit the ogre.
The ogre is heavily wounded.
The ogre hits you with a +0 giant club!
* * * LOW HITPOINT WARNING * * *
You barely miss the ogre.
The ogre is heavily wounded.
You hit the ogre.
The ogre is heavily wounded.
The ogre hits you with a +0 giant club!
You die...

....$# #.# .....
#....# #.#####..... #
...# ##.#......... .
# # #..........##
###.###............
#....>...../....... .
......##..##.......#.
##
....##....##.......#
.
........#.##h......#
.. .
#....#.##O#.....$#
... #.... .
#B.##.#### .....##
g## .# #... >. .# .##
#. .


You could see an ogre, a giant cockroach and a goblin.

Vanquished Creatures
  Edmund (D:4)
  2 ogres
  2 hounds
  An orc priest (D:3)
  Jessica (D:2)
  An iguana (D:6)
  Terence (D:2)
  An orc wizard (D:3)
  5 adders
  A worm (D:2)
  5 orcs
  8 ball pythons
  5 bats
  3 endoplasms
  6 giant cockroaches
  2 hobgoblins
  3 jackals (D:3)
  5 kobolds
  5 quokkas
  2 frilled lizards
  7 goblins
  3 rats
70 creatures vanquished.

Notes
Turn   | Place    | Note
-------+----------+-------------------------------------------
     0 | D:1      | lunkers the Demigod Shapeshifter began the quest for the
                  | Orb.
     0 | D:1      | Reached XP level 1. HP: 15/15 MP: 3/3
   282 | D:1      | Reached skill level 3 in Unarmed Combat
   404 | D:2      | Noticed Terence
   416 | D:2      | Reached XP level 2. HP: 17/22 MP: 4/4
   423 | D:2      | Killed Terence
   424 | D:2      | Reached XP level 3. HP: 6/27 MP: 5/5
   558 | D:2      | Reached skill level 4 in Unarmed Combat
   564 | D:2      | Noticed an ogre
   575 | D:2      | HP: 1/27 [ogre/+0 giant club (8)]
   579 | D:2      | Killed an ogre
   580 | D:2      | Reached XP level 4. HP: 2/34 MP: 6/6
   740 | D:2      | Noticed Jessica
   745 | D:2      | Killed Jessica
   746 | D:2      | Reached XP level 5. HP: 35/39 MP: 7/7
   996 | D:3      | Reached skill level 5 in Unarmed Combat
  1372 | D:3      | Reached XP level 6. HP: 46/46 MP: 8/8
  1608 | D:4      | Noticed Edmund
  1608 | D:4      | Found Itoffiq's General Store.
  1622 | D:4      | Killed Edmund
  1720 | D:4      | You fall into a shaft and drop 2 floors!
  1790 | D:6      | Reached skill level 6 in Unarmed Combat
  1792 | D:5      | Entered Level 5 of the Dungeon
  2151 | D:4      | Slain by an ogre

Illustrated notes

Levels and vault maps discovered:
D:1:      shiori_arrival_elements, layout_basic, chequers_jeans
D:2:      layout_rooms, hellmonk_ecumenical_altar_zigzags,
          minmay_misc_feat_diagonals, nrook_campfire, serial_park_tiny_pond,
          minmay_quadrilaterals, uniq_jessica, uniq_terence
D:3:      layout_basic, mainiacjoe_overflow_six_doors_small
D:4:      layout_rooms, nicolae_hepliaklqana_ecumenical_no_more,
          overflow_temple_1_default, minmay_temple_entry_proselytizer,
          st_stairs_7, nicolae_stop_n_shop_2, uniq_edmund,
          uniq_crazy_yiuf_cottage, uniq_natasha
D:5:      layout_loops_corners, hangedman_abyss_or_decor_passed,
          chequers_serial_rivers_large_a
D:6:      layout_loops_ring, chequers_temple_overflow_minitemple, serial_shops,
          nicolae_shop_statue_plus, st_stairs_11

Skill      XL: |  1  2  3  4  5  6 |
---------------+-------------------+-----
Unarmed Combat | 3 4 5 6 |  6.3
Shapeshifting  | 3 4 |  4.6
Fighting       | |  0.8
Dodging        | |  1.7

Action                     |  1- 3 |  4- 6 || total
---------------------------+-------+-------++-------
  Melee: Unarmed           |    80 |   122 ||   202
    Use: Potion            |     1 |       ||     1
 Armour: Plate armour      |    75 |    93 ||   168
         Skin              |    11 |       ||    11
  Dodge: Dodged            |    19 |    32 ||    51

Table legend: (Time is in decaauts)
 A = Elapsed time spent in this place.
 B = Non-inter-level travel time spent in this place.
 C = Inter-level travel time spent in this place.
 D = Time resting spent in this place.
 E = Time spent auto-exploring this place.
 F = Levels seen in this place.
 G = Mean time per level.
                   A        B        C        D        E       F      G
               +--------+--------+--------+--------+--------+-----+--------+
         Total |   2134 |   2075 |     59 |      0 |   1629 |   6 |  355.7 |
       Dungeon |   2134 |   2075 |     59 |      0 |   1629 |   6 |  355.7 |
               +--------+--------+--------+--------+--------+-----+--------+

Top non-repeatable levels by time:
     D:3: 612 daAuts
     D:2: 584 daAuts
     D:1: 400 daAuts
     D:5: 341 daAuts
     D:4: 125 daAuts
     D:6: 70 daAuts
